[Event "1st Bella Italia International 2022"]
[Site "Lignano"]
[Date "2022.08.20"]
[Round "5.11"]
[White "Grigorian, Roudolph"]
[Black "Gelle, Istvan"]
[Result "1/2-1/2"]
[ECO "B12"]
[WhiteElo "2101"]
[BlackElo "2218"]
[Annotator "TA"]
[PlyCount "117"]
[EventDate "2022.08.18"]
[EventCountry "ITA"]
[SourceTitle "playchess.com"]
[Source "ChessBase"]
[SourceQuality "1"]
[TimeControl "5400+30"]

1. e4 c6 2. d4 d5 3. e5 Bf5 4. h4 h5 5. Bd3 Bxd3 6. Qxd3 {[%emt 0:00:02][%cal Oe5e6] White wants to play e6! B12: Caro-Kann: Advance Variation.} Qa5+ 7. b4 Qxb4+ 8. Nd2 Qb5 (8... e6 $142) 9. c4 $11 dxc4 10. Nxc4 e6 11. Ne2 {[%emt 0:05:03][%mdl 1024] [#] White has compensation.} Qa6 $146 ({Predecessor:} 11... Nd7 12. Rb1 Qa6 13. Qc2 Nb6 14. Nd2 Ne7 15. Ne4 Nf5 16. O-O Nd5 17. Bg5 Ba3 {0-1 (97) Martinez Alcantara,J (2598)-Murzin,V (2532) Chess.com INT 2022}) 12. Nc3 (12. Ng3 $11) 12... b5 $1 $15 13. Nb2 b4 (13... Ne7 $15) 14. Ne4 $11 Qxd3 15. Nxd3 Nh6 16. Bxh6 Rxh6 17. Ke2 a5 18. a3 bxa3 19. Nd6+ (19. Ndc5 $11 {keeps the balance.}) 19... Bxd6 $17 20. exd6 Rf6 $1 21. Rhb1 Nd7 ({Better is} 21... Rf5 $1 $17 {Threatens to win with ...Rd5.} 22. Rb7 Nd7) 22. Rxa3 $11 Rf5 23. Rc3 Rd5 (23... Rb5 $5 24. Rbc1 a4 $15) 24. Rxc6 Rxd4 25. Rb5 (25. f4 $1 $11) 25... f5 $17 ({Don't play} 25... Rxh4 26. Rxa5 Rd8 27. f4 $14) 26. Ke3 {[%emt 0:00:01] [#]} (26. f4 $17) 26... Rxh4 $2 (26... Re4+ $1 $19 27. Kf3 a4) 27. f4 $1 $11 Rg4 28. Rb7 ({White should play} 28. Ne5 $11 Nxe5 29. fxe5) 28... Rg3+ $1 $15 29. Kd4 Rd8 (29... Rxg2 $17 {And now ...h4 would win.} 30. Ne5 Nxe5 31. Kxe5 a4 32. d7+ Kd8) 30. Rcc7 (30. Ne5 $1 $11 Nxe5 31. Kxe5) 30... Rxg2 $17 31. Ra7 $2 (31. Nc5 $17 Rd2+ 32. Ke3 Rxd6 33. Ra7) 31... Ra2 $2 (31... h4 $19 32. Ne5 Nxe5 33. fxe5 Kf8 34. Rxa5 h3) 32. Ne5 Rd2+ 33. Ke3 $1 $132 {[%emt 0:00:03][%mdl 2048] White puts up resistance. The board is on fire.} Rxd6 34. Nc6 Rd5 35. Nxd8 Kxd8 $11 {[%emt 0:00:04][%mdl 4096] Endgame KRR-KRN} 36. Rc2 Ke7 37. Ra8 {[%emt 0:00:06] [#]} (37. Rc8 $11 {remains equal.}) 37... Rb5 (37... Nb6 $1 $17 38. Ra7+ Rd7 39. Rxa5 Nd5+ 40. Kf3 Rb7) 38. Rh8 (38. Ra7 $1 $11) 38... Rb3+ (38... Nb6 $19 {Strongly threatening ...Nd5+.} 39. Rc7+ Kf6 40. Rf8+ Kg6) 39. Kd4 (39. Kf2 $17 {is a better defense.}) 39... Rb4+ $19 40. Ke3 Nf6 41. Rc7+ Kd6 42. Rxg7 Nd5+ 43. Kd2 Nxf4 44. Ra7 a4 45. Kc3 (45. Rha8 {was necessary.}) 45... Nd5+ 46. Kd2 h4 47. Rh6 (47. Ra6+ {was called for.} Ke7 48. Rh6) 47... Rd4+ 48. Kc2 Re4 $2 (48... f4 $19 {has better winning chances. aiming for ...f3.} 49. Rxh4 Ke5) 49. Ra6+ $17 Kc5 50. Raxe6 Nb4+ (50... Rg4 $17 {...a3 is the strong threat.} 51. Rh5 Rf4) 51. Kb2 {[%emt 0:00:53] The position is equal.} Rxe6 52. Rxe6 $11 {[%emt 0:00:02] KR-KN} f4 53. Rh6 f3 54. Rxh4 f2 55. Rh5+ $1 Kd4 56. Rf5 Ke3 57. Ka3 Nd5 {[%emt 0:00:00] ( -> ...Nf4)} 58. Rxf2 Kxf2 59. Kxa4 {[%emt 0:00:02] And White is the lucky defender.  Weighted Error Value: White=0.39/Black=0.34} 1/2-1/2

[Event "1st Bella Italia International 2022"]
[Site "Lignano"]
[Date "2022.08.20"]
[Round "5.12"]
[White "Montorsi, Matteo"]
[Black "Massironi, Marco"]
[Result "1/2-1/2"]
[ECO "B23"]
[WhiteElo "2100"]
[BlackElo "2200"]
[Annotator "TA"]
[PlyCount "120"]
[EventDate "2022.08.18"]
[EventCountry "ITA"]
[SourceTitle "playchess.com"]
[Source "ChessBase"]
[SourceQuality "1"]
[TimeControl "5400+30"]

1. e4 c5 2. Nc3 a6 3. g3 b5 4. Bg2 Bb7 5. d3 e6 6. Nh3 d5 {[%emt 0:02:57] B23: Closed Sicilian: Lines without g3.} (6... d6 $11) 7. O-O (7. exd5 $16 {0-0 is the strong threat.} b4 8. Bg5) 7... d4 $11 8. Ne2 {[%emt 0:00:13] [#]} Nf6 $146 ({Predecessor:} 8... Bd6 9. f4 e5 10. Ng5 f6 11. fxe5 Bxe5 12. Nf3 Nd7 13. Nf4 Bxf4 14. Bxf4 Ne7 {0-1 (48) Manukyan,A (2148)-Nemeth Junior,H (2001) Chess.com INT 2020}) 9. c3 Nc6 10. f4 c4 (10... Be7 $11 {keeps the balance.}) 11. e5 $16 cxd3 12. Nxd4 Nd5 13. Nxc6 $1 (13. Qxd3 Nxd4 14. Qxd4 Qc7 $14) 13... Bxc6 14. Qxd3 ({White should play} 14. Be3 $1 $16) 14... Qb6+ $14 15. Kh1 (15. Be3 $2 Nxe3 16. Bf3 (16. Bxc6+ $2 Qxc6 17. Qe2 Bc5 $19) 16... Bxf3 17. Rxf3 Rd8 $1 $19) 15... O-O-O 16. Qe2 Bc5 17. Ng5 Rd7 18. Ne4 h5 (18... Rhd8 $16) 19. h4 $18 Rhd8 20. b3 (20. Qxh5 Be3 $16) (20. f5 $142) 20... b4 $16 21. Nxc5 Qxc5 22. cxb4 Qb5 23. Qxb5 Bxb5 24. Rf2 Nxb4 25. Ba3 Rd1+ 26. Rxd1 Rxd1+ 27. Kh2 Nd3 28. Rc2+ Kd7 29. Bf3 Rf1 {[%emt 0:00:23] [#]} (29... Ra1 $16 30. Be4 (30. Bxh5 Bc6 $17) 30... Re1) 30. Be2 $1 $18 {[%emt 0:01:46] This bishop pair is nice.} (30. Bxh5 Bc6 31. Rxc6 (31. Kh3 Rh1+ 32. Kg4 g6 $15) 31... Kxc6 $14) 30... Rf2+ (30... Ra1 $16 {was worth a try.}) 31. Kg1 Rg2+ 32. Kxg2 Ne1+ 33. Kf2 Nxc2 34. Bxb5+ ({Inferior is} 34. Bxh5 g6 35. Bf3 Nxa3 $15) (34. Bc5 $18 {is more deadly.}) 34... axb5 {[%emt 0:00:02][%mdl 4096] Endgame KB-KN} 35. Bf8 g6 {[%emt 0:00:01] [#]} 36. Ke2 ({White should try} 36. a4 $1 $16) 36... Nd4+ $11 37. Ke3 Nf5+ 38. Kf2 Kc6 39. a4 bxa4 40. bxa4 Kb6 41. Bb4 Kc6 $1 42. Be1 Kd5 43. Ke2 Kc4 44. Kf3 Nd4+ 45. Ke4 {[%emt 0:01:01] Hoping for a5.} Nf5 46. a5 {[%emt 0:00:32] Strongly threatening a6.} Kb5 47. Kf3 Nd4+ 48. Kf2 Nc6 49. Ke3 {[%emt 0:00:42][%cal Of4f5] aiming for f5!} Nxa5 50. Bxa5 Kxa5 {[%emt 0:00:01] KP-KP} 51. f5 exf5 (51... gxf5 $2 52. Kf4 Kb5 53. Kg5 $18) 52. Kd4 {[%emt 0:02:24] And now Kc5 would win.} Kb4 (52... Kb6 $5 53. e6 fxe6 $11) 53. e6 fxe6 54. Ke5 Kc4 55. Kxe6 {[%emt 0:00:23] K3P-KPP} Kd4 56. Kf6 Ke4 57. Kxg6 {[%emt 0:00:32] White wants to mate with Kg5.} f4 58. gxf4 Kxf4 {[%emt 0:00:02] ( -> ...Kg4)} 59. Kxh5 {[%emt 0:00:10] Threatening mate with Kg6.} Kf5 60. Kh6 Ke5 $4 {[%emt 0:00:30][%mdl 40960] Weighted Error Value: White=0.11 (very precise) /Black=0.13 (very precise) . An unexpected result.} (60... Kf6 $11) 1/2-1/2

[Event "1st Bella Italia International 2022"]
[Site "Lignano"]
[Date "2022.08.20"]
[Round "5.13"]
[White "Titze, Leo"]
[Black "Cino, Giuseppe Adalberto"]
[Result "1/2-1/2"]
[ECO "C44"]
[WhiteElo "2071"]
[BlackElo "1976"]
[Annotator "NA RC"]
[PlyCount "131"]
[EventDate "2022.08.18"]
[EventCountry "ITA"]
[SourceTitle "playchess.com"]
[Source "ChessBase"]
[SourceQuality "1"]
[TimeControl "5400+30"]

1. e4 e5 2. Nf3 Nc6 3. d3 Nge7 4. g3 g6 5. Bg2 Bg7 6. O-O O-O 7. c3 d5 8. Qe2 h6 9. Nbd2 Kh7 10. Rd1 d4 11. h4 Be6 12. Nf1 Qd7 13. N1h2 a5 14. Ne1 f5 15. c4 f4 16. Bf3 g5 17. h5 b6 18. Bg4 Bxg4 19. Qxg4 Nb8 20. Bd2 c5 21. b3 Nec6 22. a3 Qxg4 23. Nxg4 Nd7 24. Kg2 Nf6 25. Nxf6+ Bxf6 26. g4 Be7 27. Nc2 Rfb8 28. Rdb1 Kg7 29. Rb2 Kf7 30. Rab1 Ke6 31. b4 axb4 32. axb4 Kd7 33. bxc5 bxc5 34. Rb5 Bd6 35. R1b2 Kc8 36. Kf3 Na7 37. Rb6 Bc7 38. Rxb8+ Rxb8 39. Ra2 Nc6 40. Ke2 Rb3 41. f3 Kb7 42. Na3 Na7 43. Nc2 Nc6 44. Ne1 Rb1 45. Ra3 Bb6 46. Nc2 Nb4 47. Nxb4 cxb4 48. Ra4 b3 49. Rb4 Kc6 50. Rb5 Bc5 51. Bb4 Bxb4 52. Rxb4 b2 53. Kd2 Rf1 54. Rxb2 Rf2+ 55. Kc1 Rxf3 56. Rb5 Rxd3 57. Rxe5 Rg3 58. Kd2 Rxg4 59. Rf5 Rg3 60. e5 Re3 61. Rf6+ Kd7 62. Rxh6 Rxe5 63. Rg6 f3 64. h6 Re2+ 65. Kd1 Rh2 66. Rxg5 1/2-1/2

[Event "1st Bella Italia International 2022"]
[Site "Lignano"]
[Date "2022.08.20"]
[Round "5.14"]
[White "Haller, Quentin"]
[Black "Della Pietra, Andrea"]
[Result "0-1"]
[ECO "A45"]
[WhiteElo "1995"]
[BlackElo "2172"]
[Annotator "TA"]
[PlyCount "130"]
[EventDate "2022.08.18"]
[EventCountry "ITA"]
[SourceTitle "playchess.com"]
[Source "ChessBase"]
[SourceQuality "1"]
[TimeControl "5400+30"]

1. d4 Nf6 2. Bg5 c5 3. Bxf6 gxf6 4. d5 Qb6 5. Qc1 Bh6 6. e3 $1 ({Don't go for} 6. Qxh6 $2 Qxb2 7. e4 Qxa1 $19) 6... d6 {[%emt 0:02:29] A45: Trompowsky Attack.} 7. c4 f5 8. Nf3 {[%emt 0:07:48] [#]} e5 $146 {[%emt 0:22:18] The position is equal.} ({Predecessor:} 8... Nd7 9. Nc3 Rg8 10. Qc2 Ne5 11. Nxe5 dxe5 12. O-O-O Bd7 13. d6 e6 14. Qe2 O-O-O {0-1 (36) Kane,R (1864)-Quinn,J (2143) Uxbridge 2010}) 9. dxe6 fxe6 10. Nc3 O-O 11. Qd2 f4 (11... Bd7 $11) 12. e4 (12. O-O-O $16) 12... Nc6 $11 13. O-O-O Bg7 14. Nb5 (14. Qxd6 $14 Bxc3 15. bxc3) 14... a6 15. Nxd6 Rd8 {[%emt 0:04:51][%cal Od8d6] Threatens to win with ...Rxd6!} 16. b3 Nd4 (16... a5 $15 17. Qxf4 Rf8) 17. Nxc8 (17. e5 $1 $14) 17... Raxc8 $15 18. Nxd4 (18. Bd3 $1 $15) 18... Rxd4 $17 19. Qc2 Rxd1+ (19... Qd6 $1 $17 {Hoping for ...Rxd1+.} 20. Be2 f3 21. gxf3 Qf4+ 22. Kb1 Qe5) 20. Kxd1 $11 Rd8+ 21. Bd3 Qd6 22. Ke2 Qe5 23. Rd1 Qh5+ 24. Ke1 Qxh2 25. Bf1 (25. e5 $5 Rf8 26. Be4 $11) 25... Bd4 {[%emt 0:02:10][%cal Of4f3] Strongly threatening ...f3!} 26. Rd3 Qh6 27. Qe2 e5 28. Qg4+ Qg6 (28... Kh8 {is more complex.} 29. Ke2 Qc6 30. Qf5 Qg6) 29. Qxg6+ hxg6 {[%emt 0:00:04][%mdl 4096] Endgame KRB-KRB} 30. Rh3 Kg7 31. Bd3 g5 32. Ke2 g4 33. Rh4 Bxf2 34. Rxg4+ Kf6 35. Bb1 (35. Kxf2 $11 {remains equal.} Rxd3 36. Rh4) 35... Bg3 $17 {[%emt 0:00:40] Black is more active.} 36. Bd3 Rh8 37. Kd2 ({Better is} 37. Kf3) 37... Rh1 $1 38. Rg8 {[%emt 0:01:31] [#]} Rg1 $1 39. Be2 Rxg2 40. Kd3 Rf2 41. Rb8 Bh4 42. Rxb7 $2 (42. Rh8 $17 {was worth a try.} Bg5 43. Rd8) 42... f3 $19 43. Bd1 Rf1 44. Rb6+ $2 (44. Kc2 f2 45. Be2) 44... Kg5 45. Kd2 f2 46. Be2 Re1 47. Rb8 f1=Q {[%emt 0:00:13] Inhibits Rf8.} 48. Rg8+ Kh6 49. Bxf1 Rxf1 {[%emt 0:00:06] KRB-KR} 50. a3 (50. Re8 {keeps fighting.}) 50... Bg5+ 51. Kc3 $2 (51. Ke2 Rf4 52. Ra8) 51... Rf3+ 52. Kc2 Rf2+ 53. Kc3 Rf3+ 54. Kc2 Re3 55. Ra8 Rxe4 56. Rxa6+ Kg7 {[%emt 0:00:25] White must now prevent ...Re2+.} 57. Rc6 Be7 58. Kd3 (58. a4 {was the only defense.} Kf7 59. a5) 58... Rd4+ 59. Ke3 Kf7 60. a4 e4 {[%emt 0:02:03] ( -> ...Bg5+)} 61. a5 Rd3+ $2 (61... Bg5+ {mates} 62. Kf2 e3+ 63. Kf3 Rf4+ 64. Kxe3 Rf6+ 65. Ke4 Rxc6 66. Kd5 Rc8 67. a6 Be7 68. Ke5 Ra8 69. Ke4 Rxa6 70. Kd3 Rb6 71. Ke3 Ke6 72. Ke2 Rxb3 73. Kd2 Kf5 74. Kc1 Ke4 75. Kc2 Rb4 76. Kd2 Rb2+ 77. Kd1 Bf6 78. Ke1 Kf3 79. Kd1 Bg5 80. Ke1 Rb1#) 62. Kxe4 $11 Rxb3 63. Rb6 $2 {[%emt 0:01:43][%mdl 8192] [#]} (63. Ra6 $11) 63... Rxb6 $1 {[%emt 0:00:52] Black mates.} 64. axb6 Ke6 65. b7 Bd6 {[%emt 0:00:03] Weighted Error Value: White=0.43/Black=0.29 (precise)} 0-1

[Event "1st Bella Italia International 2022"]
[Site "Lignano"]
[Date "2022.08.20"]
[Round "5.15"]
[White "Seres, Bela"]
[Black "Cassi, Elisa"]
[Result "1-0"]
[ECO "C55"]
[WhiteElo "2207"]
[BlackElo "1922"]
[Annotator "TA"]
[PlyCount "103"]
[EventDate "2022.08.18"]
[EventCountry "ITA"]
[SourceTitle "playchess.com"]
[Source "ChessBase"]
[SourceQuality "1"]
[TimeControl "5400+30"]

1. e4 e5 2. Nf3 Nc6 3. Nc3 Nf6 4. Bc4 Nxe4 5. Nxe4 d5 6. Bxd5 Qxd5 7. Nc3 Qd8 8. h3 Bc5 {[%emt 0:01:59] C55: Two Knights: 4 d3, 4 d4 exd4 5 e5 and Max Lange Attack.} 9. d3 {[%emt 0:00:24] 9.d3 scores better than 9.0-0.} O-O 10. Be3 Bb4 {[%emt 0:09:07] Black is slightly better.} 11. a3 Be7 {[%emt 0:00:38] [#]} 12. Qd2 $146 ({Predecessor:} 12. Ne4 f5 13. Nc3 Be6 14. O-O Qd7 15. Qe2 h6 16. d4 e4 17. Ne5 Nxe5 18. dxe5 Qc6 19. f4 {0-1 (37) Berg,T-Wedlock,S London 1999}) 12... f5 {[%emt 0:08:16] Threatens to win with ...f4.} 13. Bg5 Nd4 14. Bxe7 Qxe7 15. O-O-O Qd6 16. Qe3 Nxf3 17. Qxf3 Bd7 (17... c6 $11) 18. Qd5+ (18. Qxb7 $16 {next Qd5+ is good for White.} Kh8 19. f3) 18... Qxd5 $11 19. Nxd5 c6 20. Ne3 Be6 21. Rde1 Kf7 22. Re2 Kf6 23. Rhe1 Rfe8 (23... Rae8 $1 $11) 24. Nf1 $1 $14 Bf7 25. Nd2 Re7 {[%emt 0:01:05] [#]} ({Black should play} 25... g5) 26. f3 (26. f4 $1 $16) 26... Bd5 27. h4 c5 28. b3 (28. g4 $14) 28... b5 29. Kb2 (29. g4 {looks sharper.} Rae8 30. gxf5 Kxf5 31. Kb2) 29... Rb8 (29... h5 $11) 30. Nf1 (30. g4 $14) 30... Rbe8 31. Ng3 c4 (31... Bb7 $11) 32. dxc4 bxc4 33. b4 g6 34. Rd2 Rd7 35. Kc3 Red8 36. Nf1 f4 (36... Bc6 $14) 37. Rde2 Re7 38. Nd2 Kf5 39. Ne4 {[%emt 0:00:25] Rd2 is the strong threat.} ({Much weaker is} 39. Nxc4 $6 Rc7 40. Rxe5+ Kf6 $11) 39... h6 $2 {[%emt 0:00:22][%mdl 8192] This move loses the game for Black.} (39... Bc6 $16 40. Kxc4 Rd4+ 41. Kc3 Bb5) 40. Rd2 $18 Red7 41. Nc5 Rd6 {[%emt 0:00:34] [#]} 42. Red1 $1 Kf6 {[%emt 0:00:31] [#]} (42... a6 $142 43. Nb7 Bxb7 44. Rxd6 Rxd6 45. Rxd6 e4 46. fxe4+ Bxe4 47. Rxa6 g5) 43. Nb7 $1 Bxb7 (43... Ra6 44. Nxd8) 44. Rxd6+ Rxd6 45. Rxd6+ {[%emt 0:00:19][%mdl 4096] Endgame KR-KB} Kf5 46. Kd2 e4 47. Ke2 h5 48. b5 {[%emt 0:00:50] Strongly threatening Rd7.} g5 49. Rd7 exf3+ 50. gxf3 Bc8 51. Rc7 Be6 52. Rc5+ {[%emt 0:00:12] Weighted Error Value: White=0.22 (precise) /Black=0.55} (52. hxg5 $142 h4 53. Rxa7) 1-0

[Event "1st Bella Italia International 2022"]
[Site "Lignano"]
[Date "2022.08.20"]
[Round "5.16"]
[White "Giraldi, Edoardo"]
[Black "Zuttioni, Federico"]
[Result "0-1"]
[ECO "B05"]
[WhiteElo "1909"]
[BlackElo "2161"]
[Annotator "TA"]
[PlyCount "56"]
[EventDate "2022.08.18"]
[EventCountry "ITA"]
[SourceTitle "playchess.com"]
[Source "ChessBase"]
[SourceQuality "1"]
[TimeControl "5400+30"]

1. e4 Nf6 2. e5 Nd5 3. d4 d6 4. Nf3 Bg4 5. Be2 e6 6. O-O Be7 7. h3 Bh5 8. c4 Nb6 9. Nc3 dxe5 {[%emt 0:07:29] B05: Alekhine's Defence: 4 Nf3 Bg4.} 10. dxe5 ({White has to play} 10. Nxe5 $16 Bxe2 11. Qxe2 (11. Nxe2 N8d7 $14)) 10... Nc6 $15 11. g4 Bg6 {[%emt 0:04:28] [#] The position is equal.} 12. Bf4 $146 ({Predecessor:} 12. Be3 O-O 13. Nd4 Nxe5 14. b3 Bb4 15. Qd2 Qh4 16. Kh2 Bxc3 17. Qxc3 h5 18. gxh5 Bxh5 19. Bxh5 Qxh5 {1-0 (28) Bazant,Z (1880)-Nyvlt,O (1870) Nachod 2001}) 12... h5 13. Qc1 hxg4 14. hxg4 Bc5 {[%emt 0:02:34] Prevents Qe3. ...Nd4 is the strong threat.} 15. Rd1 Qe7 16. a3 {[%emt 0:08:55] Black must now prevent b4.} a5 {[%emt 0:02:59] Prevents b4.} 17. Nb5 ({Reject} 17. Be3 Nxe5 18. Nxe5 Qh4 $17) 17... Rc8 18. Kg2 Be4 {[%emt 0:11:30] Strongly threatening ...Qh4.} 19. Rh1 {[%emt 0:02:14] [#] Against Qh4} ({Avoid the trap} 19. Nc3 $2 Qh4 $1 20. Bh6 Qxf2+ 21. Kh3 Bxf3 $19) 19... Rxh1 ({But not} 19... Rh4 20. Kg3 Rxh1 21. Qxh1 $11) 20. Qxh1 Nd4 21. Qh8+ Qf8 22. Qxf8+ Kxf8 23. Nbxd4 Bxd4 24. Ra2 a4 {[%emt 0:00:52] Black is more active.} 25. Kg3 Bc5 (25... Bxf3 $17 26. Kxf3 Ra8) 26. Ra1 Rd8 27. Rh1 Kg8 {[%emt 0:00:25] Prevents Rh8+.} 28. Ng5 $2 Bxh1 {[%emt 0:00:13] Weighted Error Value: White=0.49/Black=0.08 (flawless)} 0-1

[Event "1st Bella Italia International 2022"]
[Site "Lignano"]
[Date "2022.08.20"]
[Round "5.17"]
[White "Heredia Serrano, Carla"]
[Black "Arana Garate, Jon"]
[Result "1-0"]
[ECO "B11"]
[WhiteElo "2090"]
[BlackElo "1933"]
[Annotator "NA RC"]
[PlyCount "31"]
[EventDate "2022.08.18"]
[EventCountry "ITA"]
[SourceTitle "playchess.com"]
[Source "ChessBase"]
[SourceQuality "1"]
[TimeControl "5400+30"]

1. e4 c6 2. Nc3 d5 3. Nf3 dxe4 4. Nxe4 Bf5 5. Ng3 Bg6 6. h4 h6 7. Ne5 Bh7 8. Qh5 Qd5 9. Bc4 Bg6 10. Qe2 Qxg2 11. h5 Bf5 12. Nxf7 b5 13. Bb3 Nf6 14. Nd6+ Kd8 15. Ndxf5 Nd5 16. Nh4 1-0

[Event "1st Bella Italia International 2022"]
[Site "Lignano"]
[Date "2022.08.20"]
[Round "5.18"]
[White "Olabe Odriozola, Eduardo"]
[Black "Brotto, Alessandro"]
[Result "0-1"]
[ECO "B12"]
[WhiteElo "1946"]
[BlackElo "2027"]
[Annotator "NA RC"]
[PlyCount "46"]
[EventDate "2022.08.18"]
[EventCountry "ITA"]
[SourceTitle "playchess.com"]
[Source "ChessBase"]
[SourceQuality "1"]
[TimeControl "5400+30"]

1. e4 c6 2. d4 d5 3. e5 Qb6 4. c3 Bf5 5. g4 Bxb1 6. Rxb1 e6 7. f4 c5 8. Be3 Nc6 9. Nf3 f6 10. Bg2 cxd4 11. Bxd4 Nxd4 12. cxd4 Bb4+ 13. Kf2 Nh6 14. Qa4+ Kf7 15. Bh3 Rhe8 16. Rbc1 Kg8 17. Rc2 fxe5 18. fxe5 Rf8 19. Kg3 Rxf3+ 20. Kxf3 Qxd4 21. Qb3 Rf8+ 22. Kg2 Qe4+ 23. Kg1 Bc5+ 0-1

[Event "1st Bella Italia International 2022"]
[Site "Lignano"]
[Date "2022.08.20"]
[Round "5.19"]
[White "Perossa, Nicolas"]
[Black "Sala, Giulia"]
[Result "1/2-1/2"]
[ECO "B31"]
[WhiteElo "2107"]
[BlackElo "1958"]
[Annotator "TA"]
[PlyCount "134"]
[EventDate "2022.08.18"]
[EventCountry "ITA"]
[SourceTitle "playchess.com"]
[Source "ChessBase"]
[SourceQuality "1"]
[TimeControl "5400+30"]

1. e4 c5 2. Nf3 Nc6 3. Bb5 g6 4. O-O Bg7 5. Re1 Nf6 6. e5 Nd5 7. c4 {[%emt 0:00:13] B31: Sicilian: 2...Nc6 3 Bb5 g6.} Nc7 8. Bxc6 dxc6 (8... bxc6 9. d4 $11) 9. Nc3 {[%emt 0:00:12] [#] Black is slightly better.} O-O $146 ({Predecessor:} 9... Bg4 10. d3 Ne6 11. h3 Bxf3 12. Qxf3 O-O 13. Be3 Qxd3 14. Rad1 Qxc4 15. Rd7 Nd4 {0-1 (64) Ingebretsen,J (2266)-Schill,W (2147) Chess.com INT 2021}) 10. Ne4 Ne6 11. d3 b6 12. Be3 Qc7 13. Neg5 Rd8 (13... Bxe5 14. Nxe5 Qxe5 15. Nxe6 Bxe6 16. Bh6 Qxb2 17. Bxf8 Kxf8 18. Rb1 Qxa2 19. Qf3 $11) 14. Qe2 Bxe5 (14... Nxg5 {with more complications.} 15. Bxg5 Bg4 16. Rad1 Bxf3 17. gxf3 Qc8) 15. Nxe6 Bxe6 {[%emt 0:00:07] A strong pair of Bishops.} (15... fxe6 16. Bxc5 $1 Bf6 17. Bb4 $14) 16. Bxc5 Bxh2+ 17. Nxh2 bxc5 18. Qe3 Qd6 19. Nf3 Bg4 (19... Qxd3 20. Qh6 g5 21. Qxg5+ (21. Nxg5 Bf5 $16) 21... Qg6 22. Qxe7 $16) 20. Ng5 Rd7 21. Ne4 Qxd3 22. Qg5 Qd4 23. Qxg4 $11 f5 24. Qf3 {[%emt 0:00:22] aiming for Rad1.} fxe4 25. Rxe4 Qxb2 26. Rae1 Rf8 ({Don't play} 26... Qxa2 27. Qh3 Qd2 28. Qe6+ (28. Rxe7 $2 Rxe7 29. Rxe7 Qd1+ 30. Kh2 Qd6+ 31. g3 Qxe7 $19) 28... Kh8 29. Qe5+ Kg8 30. Qe6+ Kh8 31. Qe5+ Kg8 32. Qe6+ $11) 27. Rf4 Rxf4 28. Qxf4 $17 {[%emt 0:00:01][%mdl 4096] Endgame KQR-KQR} Qd4 (28... Qxa2 $6 29. Qb8+ Kf7 30. Qh8 Qxc4 31. Qxh7+ Kf6 32. Qh8+ Kf7 33. Qh7+ Kf6 34. Qh8+ Kf7 35. Qh7+ $11) 29. Re4 (29. Qb8+ $142 Kf7 30. Qc8) 29... Qd1+ 30. Kh2 Qh5+ 31. Kg3 Qd1 (31... Rd3+ $17 32. f3 Rd4 33. Rxd4 cxd4 34. Qxd4 Qg5+ 35. Kf2 c5) 32. Qb8+ Rd8 33. Qxa7 Qd3+ 34. f3 Qd6+ 35. Kh3 Kf7 36. Qa3 Rb8 {[%emt 0:00:45] And now ...Rb1 would win.} 37. Qc1 {[%emt 0:00:47] Inhibits Rb1.} Ra8 38. a3 Ra7 39. Qe3 Rb7 40. Rf4+ {[%emt 0:00:40] [#]} (40. Qh6 $11 {remains equal.}) 40... Kg8 (40... Ke8 $1 $17 {Hoping for ...Rb1.} 41. Re4 Rb1) 41. Re4 $11 Kf7 $36 {[%emt 0:00:45][%mdl 2048] Black is more active.} 42. Qh6 Kg8 43. Qe3 ({Of course not} 43. Rf4 Qd8 $15) 43... Kf7 44. Qh6 Kg8 45. Qe3 ({Much weaker is} 45. Rf4 Qd8 $15) 45... Ra7 46. Re5 $2 {[%emt 0:00:54] [#]} ({White should try} 46. Re6 $11 Qd7 47. Kg3) 46... Rxa3 $3 $17 47. Qxc5 Qxc5 (47... Kf7 $17 48. Qxd6 exd6) 48. Rxc5 {[%emt 0:00:01] KR-KR} Ra6 49. Re5 Kf7 50. Kg3 Kf6 (50... e6 $17 51. Kh4 Ke7) 51. f4 ({Better is} 51. Kf4 $15) 51... h6 52. Kf3 Ra8 (52... e6 $15) 53. Rc5 $11 Ra6 54. Re5 $1 g5 (54... e6 $15) 55. g3 {[%emt 0:00:13] The position is equal.} Rb6 56. Rc5 Rb3+ 57. Kg4 gxf4 {[%emt 0:00:01] White must now prevent ...f3.} 58. Rxc6+ Kg7 {[%emt 0:00:21] Threatens to win with ...f3.} 59. Kxf4 Rc3 60. g4 Rc1 61. c5 Rc2 62. Rc7 Kf6 63. Rc6+ e6 64. Rc8 Rc4+ 65. Kg3 Kg5 66. Rg8+ Kf6 67. Rc8 Ke5 {[%emt 0:00:54] Weighted Error Value: White=0.18 (very precise) /Black=0.20 (precise)} 1/2-1/2

[Event "1st Bella Italia International 2022"]
[Site "Lignano"]
[Date "2022.08.20"]
[Round "5.20"]
[White "Marson, Roy"]
[Black "Cristiani, Cesare"]
[Result "1-0"]
[ECO "C00"]
[WhiteElo "1959"]
[BlackElo "2006"]
[Annotator "NA RC"]
[PlyCount "75"]
[EventDate "2022.08.18"]
[EventCountry "ITA"]
[SourceTitle "playchess.com"]
[Source "ChessBase"]
[SourceQuality "1"]
[TimeControl "5400+30"]

1. e4 e6 2. d3 d5 3. Nd2 Nf6 4. g3 b6 5. Bg2 Bb7 6. e5 Nfd7 7. f4 c5 8. c3 Qc7 9. Ngf3 Be7 10. O-O Nc6 11. Re1 g6 12. Nf1 h5 13. a3 c4 14. Ne3 Na5 15. d4 O-O-O 16. Nd2 Kb8 17. Qc2 Rc8 18. Nd1 Bc6 19. a4 h4 20. b4 cxb3 21. Nxb3 hxg3 22. hxg3 Ka8 23. Ne3 Bb7 24. Nxa5 bxa5 25. Ba3 Nb6 26. Bxe7 Qxe7 27. Reb1 Qc7 28. Ra3 Nc4 29. Nxc4 Qxc4 30. Qb2 Qc7 31. c4 Rb8 32. Rb3 Bc6 33. cxd5 exd5 34. Rc1 Qd7 35. Qa2 Rxb3 36. Qxb3 Rd8 37. Qc3 Bxa4 38. Qxa5 1-0